 Dungeon Crawl Stone Soup version 0.25-a0-108-gda8bd6cf83 (webtiles) character file.

Game seed: 13075808015092961240, levelgen mode: deterministic

68 mortelune the Skirmisher (level 4, 39/39 HPs)
             Began as a Demonspawn Wanderer on Nov 17, 2019.
             Quit the game on level 2 of the Dungeon.
             The game lasted 00:02:19 (1432 turns).

mortelune the Skirmisher (Demonspawn Wanderer)      Turns: 1432, Time: 00:02:20

Health: 39/39      AC:  5    Str: 12    XL:     4   Next: 1%
Magic:  4/4        EV: 10    Int: 14    God:
Gold:   75         SH:  0    Dex: 13    Spells: 3/3 levels left

rFire    . . .     SeeInvis .   a - +2 hand axe
rCold    . . .     Gourm    .   (no shield)
rNeg     . . .     Faith    .   i - +0 ring mail
rPois    .         Spirit   .   (helmet restricted)
rElec    .         Reflect  .   (no cloak)
rCorr    .         Harm     .   (no gloves)
MR       .....                  (no boots)
Stlth    +.........             (no amulet)
HPRegen  0.13/turn              (no ring)
MPRegen  0.09/turn              (no ring)

@: no status effects
A: antennae 1, talons 1, rot immunity
a: no special abilities


You were on level 2 of the Dungeon.
You were not hungry.

You visited 1 branch of the dungeon, and saw 2 of its levels.

You collected 75 gold pieces.

Inventory:

Hand Weapons
 a - a +2 hand axe (weapon)
Missiles
 o - 4 silver javelins (quivered)
Armour
 d - a +0 robe
 i - a +0 ring mail (worn)
Jewellery
 j - a +2 ring of dexterity {unknown}
Scrolls
 e - a scroll of enchant armour {unknown}
 g - 5 scrolls of identify {unknown}
 h - a scroll of remove curse {unknown}
 l - a scroll of fear {unknown}
Potions
 b - a potion of lignification
 c - a potion of curing
 k - a potion of agility {unknown}
 n - a potion of haste {unknown}
Comestibles
 f - 3 rations
 m - 4 chunks of flesh


   Skills:
 - Level 5.0 Fighting
 * Level 2.9 Axes
 + Level 2.6 Armour
 - Level 1.0 Stealth
   Level 1.0 Evocations


You had 3 spell levels left.
You didn't know any spells.
Your spell library was empty.

Dungeon Overview and Level Annotations

Branches:
Dungeon (2/15)

Altars:


Innate Abilities, Weirdness & Mutations

You have a pair of small antennae on your head.
You have sharp toenails.
You are immune to rotting.


Message History

You butcher the hobgoblin corpse.
m - 6 chunks of flesh (gained 3)
Things that are here:
a +0 club; a hobgoblin skeleton
Things that are here:
a +0 club; a hobgoblin skeleton
Things that are here:
a +0 club; a hobgoblin skeleton Some of the chunks of flesh in your inventory have rotted away.
Found 4 silver javelins.
A goblin comes into view.
The goblin shouts!
You hit the goblin.
You kill the goblin!
You have reached level 4!
You feel clever.
Your demonic ancestry asserts itself...
Your toenails lengthen and sharpen.
You see here 4 silver javelins.
o - 4 silver javelins Are you sure you want to abandon this character and quit the game? (Confirm with "yes".)

#.# . #.#
#..##.##########
#..............#
........##.####.#
.##.##..##.####.##
............†...#
## .##.###.####.##
.. #. #@# # #. #.#
#. #.# #.# ... ...
###


There were no monsters in sight!

Vanquished Creatures
  Jessica (D:2)
  A worm (D:2)
  2 dart slugs
  A leopard gecko (D:1)
  6 giant cockroaches
  2 goblins (D:2)
  6 hobgoblins
  2 jackals (D:2)
  A quokka (D:2)
  2 bats (D:2)
  A frilled lizard (D:1)
  4 kobolds
  2 rats
31 creatures vanquished.

Notes
Turn   | Place    | Note
-------+----------+-------------------------------------------
     0 | D:1      | mortelune the Demonspawn Wanderer began the quest for the
                  | Orb.
     0 | D:1      | mortelune set off with the following items: a +2 hand axe,
                  | a potion of lignification, a potion of curing, a +0 robe, a
                  | ration
     0 | D:1      | Reached XP level 1. HP: 21/21 MP: 1/1
   349 | D:1      | Gained mutation: You have a pair of small antennae on your
                  | head. [demonic ancestry]
   349 | D:1      | Reached XP level 2. HP: 22/27 MP: 2/2
   530 | D:1      | You fall into a shaft and drop 1 floor!
  1098 | D:2      | Noticed Jessica
  1104 | D:2      | Killed Jessica
  1104 | D:2      | Gained mutation: You are immune to rotting. [demonic
                  | ancestry]
  1104 | D:2      | Reached XP level 3. HP: 33/33 MP: 3/3
  1426 | D:2      | Gained mutation: You have sharp toenails. [demonic
                  | ancestry]
  1426 | D:2      | Reached XP level 4. HP: 39/39 MP: 4/4
  1432 | D:2      | Quit the game

Levels and vault maps discovered:
D:1:      minmay_arrival_glassed_features, layout_basic
D:2:      layout_basic, first_ration, uniq_jessica

Skill      XL: |  1  2 |
---------------+-------+-----
Armour         | 2 |  2.6
Axes           | 2 |  2.9
Fighting       | |  5.0
Stealth        | |  1.0
Evocations     | |  1.0

Action                   |  1- 3 |  4- 6 || total
-------------------------+-------+-------++-------
Melee: Hand axe          |    79 |       ||    79
  Eat: Chunk             |     2 |       ||     2
Armor: Robe              |    15 |       ||    15
       Ring mail         |    20 |       ||    20
Dodge: Dodged            |    66 |       ||    66

Table legend:
 A = Non-vault XP
 B = Vault XP
 C = Vault XP percentage of total XP
 D = Non-vault monster count
 E = Vault monster count
 F = Vault count percentage of total count
                 A         B        C        D         E       F
            +---------+---------+-------+---------+---------+-------
      Total |      61 |      37 |  37.8 |      30 |       1 |   3.2
            +---------+---------+-------+---------+---------+-------
        D:1 |      28 |       0 |   0.0 |      14 |       0 |   0.0
        D:2 |      33 |      37 |  52.9 |      16 |       1 |   5.9
            +---------+---------+-------+---------+---------+-------
